Unix NetHack Version 3.7.0-102 Work-in-progress - last build Apr 6 2024 13:22:21 (d302a6a9ff6341f1a922d8f5af178406b35fdf99,branch:master). Game began 2024-05-01 11:11:08, ended 2024-05-01 11:18:56. joes, chaotic female orcish Ranger ---------------- #-.*............| --------------- #|..............| |.............| ###...............| #..............|## ## #|..............| #|.............|# ##-------.-------- #|.............|# # ## #-------.-------# # # # #### ### # # ## ####### -------# # # ###### # ##|......# ## # # ----.-----+----- ##|.....| ----.------- # # |...........d..| ###......| |....<.....| # # |...........Bo.| #0 |.....| |..........| --------# # |...............##### |.`...| |..........| |.......#### |........{....>| --+---- ------------ |......|# ---------------- ^ |......-# -------- Joes the Tenderfoot St:16 Dx:10 Co:15 In:14 Wi:13 Ch:7 Chaotic Dlvl:3 $:31 HP:0(19) Pw:4(4) AC:7 Xp:2 T:766 3.7.0-102 Latest messages: You descend the stairs. There is a staircase up to level 3 here. You climb up the stairs. You remember this level as vault. There is a staircase down to level 4 here. $ - 7 gold pieces (31 in total). You hear someone counting gold coins. You see here 10 silver arrows. t - 10 silver arrows. (north): You find a hidden passage. (north): You find a hidden passage. You miss the bat. (east): The bat bites! [HP -3, 16 left] (northeast): The bat bites! [HP -3, 13 left] (east): The bat bites! [HP -2, 11 left] You kill the bat! You swap places with Birgitta. u - a scroll labeled GARVEN DEH. (north): You find a hidden passage. You swap places with Birgitta. You swap places with Birgitta. (1s,2e): The hobbit wields a dagger! The dagger welds itself to the hobbit's hand! Birgitta bites the hobbit. Birgitta misses the hobbit. You hit the hobbit. (southeast): The hobbit thrusts his dagger. (southeast): The hobbit hits! [HP -6, 8 left] Birgitta misses the hobbit. Birgitta misses the hobbit. You hear someone counting gold coins. Birgitta bites the hobbit. The hobbit is killed! There is a hobbit corpse here; eat it? [ynq] (n) y This hobbit corpse is stringy. You stop eating the hobbit corpse. (west): The bat bites! [HP -2, 7 left] (west): The bat bites! [HP -4, 3 left] Birgitta misses the bat. Birgitta misses the bat. (west): The bat bites! [HP -4, -1 left] You die... Do you want your possessions identified? [ynq] (y) q Inventory: Coins ('$') $ - 31 gold pieces Weapons (')') c - 57 uncursed +2 orcish arrows (in quiver) d - 32 uncursed +0 orcish arrows t - 10 uncursed +0 silver arrows b - an uncursed +1 orcish bow (alternate weapon; not wielded) q - a blessed +2 sling j - an uncursed +0 sling a - an uncursed +1 orcish dagger (weapon in right hand) s - an uncursed +0 axe l - a cursed +0 bardiche Armor ('[') e - an uncursed +2 cloak of displacement (being worn) Comestibles ('%') g - 2 uncursed bananas m - an uncursed food ration f - 6 uncursed tripe rations k - an uncursed lichen corpse Scrolls ('?') u - an uncursed scroll of confuse monster o - a blessed scroll of genocide Potions ('!') n - an uncursed potion of fruit juice Rings ('=') h - a cursed ring of aggravate monster p - a cursed ring of cold resistance Tools ('(') i - an uncursed figurine of a large mimic Gems/Stones ('*') r - 4 uncursed rocks Joes the Ranger's attributes: Background: You were a Tenderfoot, a level 2 female orcish Ranger. You were chaotic, on a mission for Mars who was opposed by Mercury (lawful) and Venus (neutral). You were right-handed. You were in the Dungeons of Doom, on level 3. You entered the dungeon 766 turns ago. You had 39 experience points, 1 more was needed to attain level 3. Basics: You had 0 out of 19 hit points. You had all 4 energy points (spell power). Your armor class was 7. Your wallet contained 31 zorkmids. Autopickup was on for '$?!/' plus thrown. Final Characteristics: Your strength was 16 (limit:18/50). Your dexterity was 10 (limit:18). Your constitution was 15 (limit:18). Your intelligence was 14 (limit:16). Your wisdom was 13 (limit:16). Your charisma was 7 (limit:16). Final Status: You weren't hungry. You were unencumbered. You were wielding a dagger. You had basic skill with dagger. Final Attributes: You were fervently aligned. You were poison resistant. You had automatic searching. You had infravision. You were displaced. You were warded. You are dead. Miscellaneous: You never encountered a bones level. Total elapsed playing time was 6 minutes and 33 seconds. Major events: Turn 1: joes the chaotic female orcish Ranger entered the dungeon 332: entered the Gnomish Mines 766: killed by a bat Vanquished creatures: 2 hobbits a bat a yellow mold 2 jackals 2 foxes a goblin 2 sewer rats 2 grid bugs a lichen a newt 15 creatures vanquished. No species were genocided or became extinct. Voluntary challenges: You were an atheist. You were illiterate. You never engraved Elbereth. You never genocided any monsters. You never polymorphed an object. You never changed form. You used no wishes. Achievement: You entered the Gnomish Mines. The Dungeons of Doom: levels 1 to 4 Level 1: "box" A fountain. Level 2: "chest" A fountain. Stairs down to The Gnomish Mines. Level 3: "vault" <- You were here. A fountain. Final resting place for you, killed by a bat. Level 4: The Gnomish Mines: Level 3: "dark" Game over: ---------- / \ / REST \ / IN \ / PEACE \ / \ | joes | | 31 Au | | killed by a bat | | | | | | | | 2024 | *| * * * | * _________)/\\_//(\/(/\)/\//\/|_)_______ Goodbye joes the Ranger... You died in The Dungeons of Doom on dungeon level 3 with 334 points, and 31 pieces of gold, after 766 moves. You were level 2 with a maximum of 19 hit points when you died.